 Dungeon Crawl Stone Soup version 0.28.0-53-g5a82cb258f (webtiles) character file.

Game seed: 6816822845456094765

139 Sin92 the Conjurer (level 5, -1/38 HPs)
             Began as a Demonspawn Conjurer on July 8, 2022.
             Slain by a scorpion (5 damage)
             ... on level 4 of the Dungeon.
             The game lasted 00:06:56 (4052 turns).

Sin92 the Conjurer (Demonspawn Conjurer)            Turns: 4052, Time: 00:06:57

Health: -1/38      AC:  6    Str:  9    XL:     5   Next: 1%
Magic:  8/8        EV: 12    Int: 20    God:
Gold:   92         SH:  0    Dex: 11    Spells: 8/9 levels left

rFire   . . .      SeeInvis .   g - +0 hand axe
rCold   . . .      Faith    .   (no shield)
rNeg    . . .      Spirit   .   e - +0 leather armour
rPois   .          Reflect  .   f - +1 helmet
rElec   .          Harm     .   (no cloak)
rCorr   .          Rampage  .   i - +0 pair of gloves
Will    .....                   (no boots)
Stlth   ++........              (no amulet)
HPRegen 0.12/turn               (no ring)
MPRegen 0.11/turn               (no ring)

@: lethally poisoned (-1 -> -16)
A: sturdy frame 1, demonic touch 1
a: no special abilities


You were on level 4 of the Dungeon.
You visited 1 branch of the dungeon, and saw 4 of its levels.

You collected 92 gold pieces.

Inventory:

Hand Weapons
 d - a +0 whip
 g - a +0 hand axe (weapon)
 j - a +0 flail of protection
Armour
 a - a +0 robe
 e - a +0 leather armour (worn)
 f - a +1 helmet (worn)
 i - a +0 pair of gloves (worn)
Jewellery
 k - an amulet of magic regeneration
Scrolls
 b - a scroll of fog {unknown}
 c - 2 scrolls of identify
 m - a scroll of holy word {unknown}
 o - 2 scrolls of teleportation
Potions
 h - 3 potions of might
 n - a potion of haste


   Skills:
 + Level 1.7 Fighting
 * Level 1.7 Axes
 - Level 0.2(1.0) Maces & Flails
 + Level 1.1 Armour
 + Level 2.3 Dodging
 + Level 2.2 Stealth
 + Level 2.6 Spellcasting
 + Level 4.2 Conjurations


You had 8 spell levels left.
You knew the following spells:

 Your Spells              Type           Power      Damage    Failure   Level
a - Magic Dart            Conj           76%        1d6       2%          1

Your spell library contained the following spells:

 Spells                   Type           Power      Damage    Failure   Level
 Searing Ray              Conj           38%        2d5       4%          2
 Dazzling Flash           Conj/Hex       22%        N/A       21%         3
 Fulminant Prism          Conj/Hex       5%         3d7       54%         4
 Iskenderun's Mystic Bla  Conj/Tloc      11%        2d4       54%         4


Dungeon Overview and Level Annotations

Branches:
Dungeon (4/15)
 Temple: D:4-7

Altars:

Shops:
D:3 [


Innate Abilities, Weirdness & Mutations

Your movements are slightly less encumbered by armour. (ER -2)
Your touch may inflict minor irresistible damage on your foes.


Message History

The kobold barely misses you.
You barely miss the kobold. Your touch misses the kobold.
The kobold is moderately wounded.
The kobold hits you but does no damage.
You closely miss the kobold.
The kobold is moderately wounded.
The kobold hits you but does no damage.
You hit the kobold but do no damage.
The kobold is moderately wounded.
The kobold closely misses you.
You hit the kobold but do no damage. Your touch misses the kobold.
The kobold hits you but does no damage. The kobold completely misses you.
You closely miss the kobold. Your touch misses the kobold.
The kobold hits you but does no damage.
You closely miss the kobold.
You touch the kobold.
You kill the kobold!
Items here: ( )) †.
The scorpion closely misses you.
The scorpion stings you but does no damage.
The scorpion misses you.
You hit the scorpion.
You touch the scorpion.
The scorpion is heavily wounded.
The scorpion closely misses you.
You closely miss the scorpion.
The scorpion is heavily wounded.
The scorpion stings you. The scorpion stings you!
You are poisoned.
The scorpion poisons you!
You barely miss the scorpion.
The scorpion is heavily wounded.
You feel very sick. The scorpion stings you.
* * * LOW HITPOINT WARNING * * *
You barely miss the scorpion.
The scorpion is heavily wounded.
You feel sick. The scorpion stings you.
* * * LOW HITPOINT WARNING * * *
You are more poisoned.
The scorpion poisons you! The scorpion stings you.
You die...

#. ##.#######
.#########. ..........
......#.##. .........#
####.........
.....$...###........<#..
.........#..............
.........#......#.##.#.#
.........#...........#.#
......[@.#......#......#
.......s.#......#...####
.#.#####)#####........##
#....##.# ###....†.#.##
........# #........#.##
........# #.#......#...
..##....# #.#...#######
#....###.#.#.#
#........#.#.#


You could see a scorpion.

Vanquished Creatures
  An orc wizard (D:4)
  2 adders
  An adder skeleton (D:3)
  A worm (D:2)
  4 dart slugs
  8 orcs
  5 bats
  6 endoplasms
  2 giant cockroaches
  4 goblins
  5 hobgoblins
  7 jackals
  A quokka (D:2)
  15 ball pythons
  A frilled lizard (D:3)
  2 kobolds
  5 rats
70 creatures vanquished.

Notes
Turn   | Place    | Note
-------+----------+-------------------------------------------
     0 | D:1      | Sin92 the Demonspawn Conjurer began the quest for the Orb.
     0 | D:1      | Reached XP level 1. HP: 13/13 MP: 3/3
   457 | D:1      | Gained mutation: Your touch may inflict minor irresistible
                  | damage on your foes. [demonic ancestry]
   457 | D:1      | Reached XP level 2. HP: 19/19 MP: 1/5
  1009 | D:1      | Found a faded altar of an unknown god.
  1160 | D:1      | Reached XP level 3. HP: 25/25 MP: 4/6
  1229 | D:1      | Reached skill level 1 in Fighting
  1909 | D:2      | Reached skill level 1 in Axes
  2640 | D:3      | Gained mutation: Your movements are slightly less
                  | encumbered by armour. (ER -2) [demonic ancestry]
  2640 | D:3      | Reached XP level 4. HP: 26/32 MP: 7/7
  3004 | D:3      | Reached skill level 1 in Armour
  3169 | D:3      | Found Ukkaughi's Antique Armour Emporium.
  3970 | D:4      | Reached XP level 5. HP: 38/38 MP: 8/8
  4052 | D:4      | Slain by a scorpion

Illustrated notes

Levels and vault maps discovered:
D:1:      saegor_arrival_fortress, layout_basic, basic_ecumenical_altar,
          chequers_mini_garden, corexii_item_surrounded_by_moat,
          nicolae_concentric_dashed_squares_mild
D:2:      layout_loops_ring
D:3:      layout_basic, serial_shops, shop_statue
D:4:      cheibrodos_barr_body, layout_basic

Skill      XL: |  1  2  3  4 |
---------------+-------------+-----
Dodging        | 2 |  2.3
Stealth        | 2 |  2.2
Fighting       | 1 |  1.7
Axes           | 1 |  1.7
Armour         | 1 |  1.1
Maces & Flails | |  0.2
Spellcasting   | |  2.6
Conjurations   | |  4.2

Action                   |  1- 3 |  4- 6 || total
-------------------------+-------+-------++-------
Melee: Whip              |     9 |       ||     9
       Hand axe          |    92 |   118 ||   210
       Touch             |    10 |    23 ||    33
       Punch             |       |     2 ||     2
 Cast: Magic Dart        |    60 |       ||    60
  Use: Scroll            |     4 |       ||     4
       Potion            |       |     3 ||     3
 Stab: Sleeping          |       |     2 ||     2
Armor: Robe              |    43 |     7 ||    50
       Leather armour    |       |    30 ||    30
Dodge: Dodged            |   102 |    68 ||   170
